 Dungeon Crawl Stone Soup version 0.16-a0-3153-gc6d0c83 (webtiles) character file.

373 Malachi the Chopper (level 6, -19/52 HPs)
             Began as a Centaur Fighter on Dec 15, 2014.
             Demolished by an ogre
             ... wielding a +0 giant club
              (26 damage)
             ... on level 4 of the Dungeon.
             The game lasted 00:06:19 (2988 turns).

Malachi the Chopper (Centaur Fighter)               Turns: 2988, Time: 00:06:19

Health: -19/52     AC:  9    Str: 20    XL:     6   Next: 43%
Magic:  5/5        EV:  6    Int:  7    God:
Gold:   116        SH:  0    Dex:  9    Spells: 0 memorised, 5 levels left

rFire  . . .     SeeInvis .     a - +0 war axe
rCold  . . .     Clarity  .     h - +0 chain mail
rNeg   . . .     SustAb   .     (no shield)
rPois  .         Gourm    .     (no helmet)
rElec  .         Spirit   .     l - +0 cloak
rCorr  .         Warding  .     (no gloves)
rMut   .         Stasis   .     (no barding)
MR     .....                    (no amulet)
Stlth  ..........               (no ring)
                                (no ring)

@: very quick, not resistant to hostile enchantments, extremely unstealthy
A: hooves 3, deformed body, speed 2, tough skin 3
a: no special abilities


You were on level 4 of the Dungeon.
You were not hungry.

You visited 1 branch of the dungeon, and saw 4 of its levels.

You collected 116 gold pieces.

Inventory:

Hand weapons
 a - a +0 war axe (weapon)
Armour
 b - a +0 scale mail
 c - a +0 shield
 h - a +0 chain mail (worn)
 l - a +0 cloak (worn)
Scrolls
 j - a scroll of enchant weapon {unknown}
 k - 7 scrolls of identify {unknown}
 n - a scroll of noise {unknown}
 p - a scroll of blinking {unknown}
 s - a scroll of teleportation {unknown}
Potions
 e - 2 potions of might
 g - a potion of degeneration {unknown}
 i - 8 potions of curing
 o - a potion of haste {unknown}
 u - a potion of poison {unknown}
 v - a potion of restore abilities {unknown}
 w - a potion of ambrosia {unknown}
Comestibles
 d - 4 bread rations
 f - 2 fruits
 m - a royal jelly
 q - 3 slices of pizza
 r - a beef jerky
 t - a chunk of flesh


   Skills:
 + Level 3.9 Fighting
 * Level 4.0 Axes
 + Level 3.4 Armour
 + Level 1.9 Dodging
 - Level 2.2 Shields


You had 5 spell levels left.
You didn't know any spells.

Dungeon Overview and Level Annotations

Branches:
Dungeon (4/15)
 Temple: D:4-7

Altars:
Yredelemnul


Innate Abilities, Weirdness & Mutations

You have hooves in place of feet.
Armour fits poorly on your strangely shaped body.
You cover ground very quickly.
You have extremely tough skin (AC +3).


Message History

The ogre is severely wounded.
You hit the ogre.
The ogre is almost dead.
The ogre hits you with a giant club!
* * * LOW HITPOINT WARNING * * *
You are too injured to fight recklessly!
You are too injured to fight recklessly!
You are too injured to fight recklessly!
You are too injured to fight recklessly!
You are too injured to fight recklessly!
You are too injured to fight recklessly!
You hit the ogre but do no damage. Your kick misses the ogre.
The ogre is almost dead.
The ogre hits you with a giant club!
* * * LOW HITPOINT WARNING * * *
Your chain mail prevents you from hitting the ogre.
The ogre is almost dead.
The ogre hits you with a giant club!!
Ouch! That really hurt!
You die...

.... .... ### ####
#.. #.# ### #.### #..
#.#.# #.# #.#.####
#.# #.#O...# #.###
#.#@.# ######+#...#
#.#..#
#........#.###.#.##.#
#........#..........#
#........#####.##.###
#.(......# #....#
#........# ######
.........# #........#


You could see an ogre.

Vanquished Creatures
  A centaur (D:4)
  Crazy Yiuf (D:3)
  An orc priest (D:4)
  A worker ant (D:4)
  2 iguanas
  An orc wizard (D:4)
  Ijyb (D:3)
  5 adders
  2 oozes (D:1)
  2 orcs
  4 bats
  2 bat skeletons (D:4)
  3 giant cockroaches
  12 hobgoblins
  5 kobolds
  3 quokkas
  A ball python (D:1)
  2 giant geckos (D:3)
  A giant gecko skeleton (D:4)
  2 giant newts
  8 goblins
  6 rats
66 creatures vanquished.

Notes
Turn   | Place    | Note
--------------------------------------------------------------
     0 | D:1      | Malachi, the Centaur Fighter, began the quest for the Orb.
     0 | D:1      | Reached XP level 1. HP: 19/19 MP: 1/1
   269 | D:1      | Reached XP level 2. HP: 17/26 MP: 2/2
   909 | D:2      | Reached XP level 3. HP: 25/31 MP: 3/3
  1472 | D:3      | Reached XP level 4. HP: 28/38 MP: 3/3
  1651 | D:3      | Reached skill level 1 in Dodging
  1688 | D:3      | Noticed Ijyb
  1700 | D:3      | Killed Ijyb
  1827 | D:3      | Noticed Crazy Yiuf
  2421 | D:3      | Killed Crazy Yiuf
  2421 | D:3      | Reached XP level 5. HP: 30/45 MP: 4/4
  2742 | D:4      | Noticed a centaur
  2753 | D:4      | Killed a centaur
  2753 | D:4      | Reached XP level 6. HP: 47/52 MP: 5/5
  2786 | D:4      | Found a basalt altar of Yredelemnul.
  2900 | D:4      | Reached skill level 4 in Axes
  2979 | D:4      | Noticed an ogre
  2988 | D:4      | Demolished by an ogre

Action                   |  1- 3 |  4- 6 || total
-------------------------+-------+-------++-------
Melee: War axe           |   100 |   148 ||   248
  Use: Potion            |       |     2 ||     2
  Eat: Chunk             |       |     5 ||     5
